 Dungeon Crawl Stone Soup version 0.30-a0-1124-g6e8f0f562f (webtiles) character file.

Game seed: 14044477499689531400

4 ketsa the Sneak (level 1, 0/11 HPs)
             Began as a Spriggan Delver on Apr 24, 2023.
             Killed from afar by a dart slug (4 damage)
             ... with a slug dart
             ... on level 1 of the Dungeon.
             The game lasted 00:03:56 (428 turns).

ketsa the Sneak (Spriggan Delver)                    Turns: 428, Time: 00:03:57

Health: 0/11       AC:  2    Str:  8    XL:     1   Next: 50%
Magic:  2/2        EV: 17    Int: 11    God:
Gold:   38         SH:  0    Dex: 16    Spells: 0/0 levels left

rFire   . . .        a - +0 short sword
rCold   . . .        (no shield)
rNeg    . . .        b - +0 robe
rPois   .            (helmet restricted)
rElec   .            (no cloak)
rCorr   .            (gloves unavailable)
SInv    +            (boots unavailable)
Will    .....        (no amulet)
Stlth   ++++         (no ring)
HPRegen 0.21/turn    (no ring)
MPRegen 0.08/turn

%: no passive effects
@: very quick
A: very small, no large weapons, unfitting armour, see invisible, speed 3
a: no special abilities


You were on level 1 of the Dungeon.
You visited 1 branch of the dungeon, and saw 5 of its levels.

You collected 38 gold pieces.

Inventory:

Hand Weapons
 a - a +0 short sword (weapon)
 i - a +0 demon whip
 j - a +2 long sword of holy wrath
Armour
 b - a +0 robe (worn)
Wands
 g - a wand of digging (3)
Scrolls
 c - a scroll of fog
 d - a scroll of magic mapping
 e - 2 scrolls of fear
 h - a scroll of identify {unknown}
 l - a scroll of noise {unknown}
Potions
 f - a potion of haste
 k - a potion of mutation {unknown}


   Skills:
 + Level 2.4 Fighting
 * Level 2.3 Short Blades
 + Level 2.8 Dodging
 + Level 7.3 Stealth


You couldn't memorise any spells.
You didn't know any spells.
Your spell library contained the following spells:

 Spells                   Type           Power      Damage    Failure   Level
 Summon Small Mammal      Summ           0%         N/A       34%         1
 Call Canine Familiar     Summ           0%         N/A       71%         3
 Summon Guardian Golem    Hex/Summ       0%         N/A       71%         3


Dungeon Overview and Level Annotations

Branches:
Dungeon (5/15)
 Temple: D:4-7

Altars:
Cheibriados
Qazlal

Annotations:
D:3 Jessica


Innate Abilities, Weirdness & Mutations

You are very small and have problems with some larger weapons.
You are too small for most types of armour.
You have supernaturally acute eyesight. (SInv)
You cover ground extremely quickly. (Speed+++)


Message History

You pick up a book of Callings and begin reading...
You add the spells Summon Small Mammal, Call Canine Familiar and Summon Guardian Golem to your library.
There are no items here.
Found an escape hatch in the ceiling.
Found a murky golden potion.
There is an escape hatch in the ceiling here.
A mysterious force pulls you upwards. The hatch slams shut behind you.
A dart slug comes into view.
A goblin comes into view. It is wielding a +1 dagger of venom.
You closely miss the goblin. The goblin closely misses you.
You hit the goblin.
The goblin is severely wounded.
The goblin hits you with a +1 dagger of venom.
You are poisoned.
You hit the goblin.
You kill the goblin!
You feel sick. The dart slug barely misses you.
Things that are here:
a +1 dagger of venom; a goblin corpse You hit the dart slug.
The dart slug is moderately wounded.
You feel sick.
You hit the dart slug.
The dart slug is heavily wounded.
You feel sick. The dart slug launches a dart at you. The slug dart misses you.
You hit the dart slug.
The dart slug is heavily wounded.
You feel sick. The dart slug misses you.
You completely miss the dart slug.
The dart slug is heavily wounded.
You feel sick.
You are no longer poisoned.
You hit the dart slug.
The dart slug is almost dead.
The dart slug launches a dart at you. The slug dart hits you.
You die...

#########
#.......#
#...w...+
#...@...#
#####.###
#.# #.#
#.# #.#
#.# #.#
#.#


You could see a dart slug.

Vanquished Creatures
  2 goblins
  A hobgoblin (D:3)
3 creatures vanquished.

Notes
Turn   | Place    | Note
-------+----------+-------------------------------------------
     0 | D:5      | ketsa the Spriggan Delver began the quest for the Orb.
     0 | D:5      | Reached XP level 1. HP: 11/11 MP: 2/2
    23 | D:5      | Noticed a hound
   126 | D:5      | Found a stormy altar of Qazlal.
   225 | D:3      | Found a snail-covered altar of Cheibriados.
   253 | D:3      | Noticed Jessica
   428 | D:1      | Killed from afar by a dart slug

Illustrated notes

Levels and vault maps discovered:
D:1:      shiori_arrival_elements, layout_basic
D:2:      layout_basic
D:3:      layout_loops_ring, mainiacjoe_overflow_brackets, uniq_jessica
D:4:      layout_loops_cross, minmay_misc_feat_plants
D:5:      layout_loops_corners, lemuel_crystal_altar, uniq_crazy_yiuf_cottage,
          uniq_edmund, uniq_blork_the_orc

Action                     || total
---------------------------++-------
  Melee: Short sword       ||    10
   Stab: Distracted        ||     1
  Dodge: Dodged            ||     4

Table legend: (Time is in decaauts)
 A = Elapsed time spent in this place.
 B = Non-inter-level travel time spent in this place.
 C = Inter-level travel time spent in this place.
 D = Time resting spent in this place.
 E = Time spent auto-exploring this place.
 F = Levels seen in this place.
 G = Mean time per level.
                   A        B        C        D        E       F      G
               +--------+--------+--------+--------+--------+-----+--------+
         Total |    267 |    267 |      0 |      0 |     28 |   5 |   53.4 |
       Dungeon |    267 |    267 |      0 |      0 |     28 |   5 |   53.4 |
               +--------+--------+--------+--------+--------+-----+--------+

Top non-repeatable levels by time:
     D:5: 122 daAuts
     D:3: 104 daAuts
     D:2: 21 daAuts
     D:1: 16 daAuts
     D:4: 3 daAuts
